 Dungeon Crawl Stone Soup version 0.29.1-14-g9c671dbff4 (webtiles) character file.

Game seed: 6975345537896579658

567 ChadusMaximus the Caller (level 7, 0/69 HPs)
             Began as a Human Summoner on Feb 17, 2023.
             Succumbed to a water moccasin's poison
             ... on level 4 of the Dungeon.
             The game lasted 00:09:19 (4706 turns).

ChadusMaximus the Caller (Human Summoner)           Turns: 4706, Time: 00:09:19

Health: 0/69       AC: 23    Str:  7 (8)  XL:     7   Next: 59%
Magic:  7/13       EV:  2    Int: 16 (17) God:
Gold:   238        SH:  0    Dex: 11 (14) Spells: 4/14 levels left

rFire   . . .      SeeInvis .   i - +0 scythe
rCold   . . .      Faith    .   (shield currently unavailable)
rNeg    . . .      Spirit   .   (body armour currently unavailable)
rPois   +          Reflect  .   (helmet currently unavailable)
rElec   .          Harm     .   (cloak currently unavailable)
rCorr   .          Rampage  .   (gloves currently unavailable)
Will    .....      NoTele   +   (boots currently unavailable)
Stlth   ++........              (no amulet)
HPRegen 0.21/turn               k - ring of wizardry
MPRegen 0.13/turn               (no ring)

@: mighty, brilliant, lethally poisoned (0 -> -5), tree-form
A: stationary, stasis, torment immunity, boosted hp
a: no special abilities


You were on level 4 of the Dungeon.
You were a tree.
You visited 1 branch of the dungeon, and saw 4 of its levels.

You collected 238 gold pieces.

Inventory:

Hand Weapons
 i - a +0 scythe (weapon)
Armour
 a - a +0 robe (melded)
 j - a +0 helmet (melded)
Jewellery
 k - a ring of wizardry (left branch)
Scrolls
 f - 2 scrolls of fog {unknown}
 h - a scroll of poison {unknown}
 m - 3 scrolls of identify {unknown}
 o - a scroll of noise {unknown}
 p - a scroll of enchant armour {unknown}
 q - a scroll of teleportation {unknown}
 r - a scroll of amnesia {unknown}
Potions
 b - a potion of magic
 e - a potion of might


   Skills:
 - Level 2.3 Dodging
 - Level 2.4 Stealth
 + Level 4.3 Spellcasting
 * Level 7.2 Summonings


You had 4 spell levels left.
You knew the following spells:

 Your Spells              Type           Power      Damage    Failure   Level
a - Summon Small Mammal   Summ           100%       N/A       1%          1
b - Call Canine Familiar  Summ           39%        N/A       1%          3
c - Call Imp              Summ           39%        N/A       1%          2
d - Summon Lightning Spi  Summ/Air       22%        N/A       16%         4

Your spell library contained the following spells:

 Spells                   Type           Power      Damage    Failure   Level
 Summon Guardian Golem    Hex/Summ       22%        N/A       4%          3
 Magic Dart               Conj           20%        1d4       6%          1
 Ensorcelled Hibernation  Hex/Ice        10%        N/A       10%         2
 Passwall                 Tmut/Erth      4%         N/A       10%         2
 Sublimation of Blood     Necr           5%         N/A       10%         2
 Mephitic Cloud           Conj/Pois/Air  5%         N/A       19%         3
 Swiftness                Air            5%         N/A       19%         3
 Petrify                  Tmut/Erth      5%         N/A       52%         4
 Irradiate                Conj/Tmut      2%         3d12      85%         5


Dungeon Overview and Level Annotations

Branches:
Dungeon (4/15)
 Temple: D:4-7

Altars:
Makhleb
Zin
The Shining One

Shops:
D:2 ([[*[   D:4 *

Annotations:
D:3 2 runed translucent doors, BabyfaceFinlayson's ghost, amateur OgFE


Message History

Your hound closely misses the water moccasin.
The water moccasin bites you but does no damage.
Your hound closely misses the water moccasin.
It was a potion of flight.
You feel very buoyant.
You fly up into the air.
You feel very sick. The water moccasin closely misses you.
Your hound misses the water moccasin.
It was a potion of lignification.
You turn into a tree.
Your +0 helmet melds into your body.
Your +0 robe melds into your body.
Your roots penetrate the ground.
You feel very sick.
Your hound bites the water moccasin.
The water moccasin bites you but does no damage.
Your hound closely misses the water moccasin.
The water moccasin bites you but does no damage.
You closely miss the water moccasin.
The water moccasin is heavily wounded.
You feel very sick.
Your hound bites the water moccasin.
The water moccasin bites you.
* * * LOW HITPOINT WARNING * * *
Your hound misses the water moccasin. The water moccasin bites you.
* * * LOW HITPOINT WARNING * * *
It was a potion of brilliance.
You feel clever all of a sudden.
* * * LOW HITPOINT WARNING * * *
You feel sick.
Your hound misses the water moccasin.
The water moccasin bites you but does no damage.
Your hound misses the water moccasin.
It was a potion of degeneration.
There was something very wrong with that liquid.
You feel weakened.
You feel dopey.
You feel clumsy.
* * * LOW HITPOINT WARNING * * *
You feel sick.
The water moccasin bites you but does no damage.
Your hound bites the water moccasin.
The water moccasin closely misses your hound.
You miss the water moccasin.
The water moccasin is severely wounded.
You die...

.....#
#.#..#
.##..
.....# ###
#.#..
#.#..####
... ....#
.........
..#....#
#......##
#.<....#
.<.....#
......#
####.###
#.h...# #
.# #♣S8..#
# . #.#...#
# .. ##.#
#|.# ## ##
#.#..# ...
.# #.#.###
. .#
#####.#...#
.#
..........#
.#
###..#.#..#
.#
#.......#


You could see a water moccasin (ally target), a friendly lightning spire
(summoned) and a friendly hound (summoned).

Vanquished Creatures
  2 gnolls (D:3)
  An adder (D:3)
  5 endoplasms
  A giant cockroach (D:3)
  4 goblins
  A hobgoblin (D:2)
  A ball python (D:3)
  A bat (D:1)
  A frilled lizard (D:1)
  A kobold (D:3)
  4 rats
22 creatures vanquished.

Vanquished Creatures (collateral kills)
  Grinder (D:3)
  Sigmund (D:2)
  An orc priest (D:3)
  Terence (D:3)
  An orc wizard (D:3)
  A gnoll (D:3)
  Robin (D:3)
  An adder (D:3)
  A worm (D:3)
  3 orcs (D:3)
  4 endoplasms
  2 giant cockroaches
  14 goblins
  5 hobgoblins
  4 quokkas
  4 ball pythons
  3 bats
  3 kobolds
  2 rats (D:1)
53 creatures vanquished.

Grand Total: 75 creatures vanquished

Notes
Turn   | Place    | Note
-------+----------+-------------------------------------------
     0 | D:1      | ChadusMaximus the Human Summoner began the quest for the
                  | Orb.
     0 | D:1      | Reached XP level 1. HP: 13/13 MP: 3/3
   349 | D:1      | Reached XP level 2. HP: 19/19 MP: 1/5
   460 | D:1      | Found a faded altar of an unknown god.
  1440 | D:1      | Reached XP level 3. HP: 24/24 MP: 4/6
  1766 | D:2      | Learned a level 3 spell: Call Canine Familiar
  1769 | D:2      | Learned a level 2 spell: Call Imp
  2059 | D:2      | Noticed Sigmund
  2084 | D:2      | Killed Sigmund
  2085 | D:2      | Reached skill level 5 in Summonings
  2085 | D:2      | Reached XP level 4. HP: 22/30 MP: 3/8
  2085 | D:2      | Reached XP level 5. HP: 25/35 MP: 3/9
  2252 | D:2      | Found a glowing golden altar of the Shining One.
  2255 | D:2      | Found Raufrusu's Armour Shop.
  2417 | D:2      | Found Jietips's Weapon Boutique.
  2474 | D:2      | Found Vifojedits's Armour Shop.
  2499 | D:2      | Reached XP level 6. HP: 41/41 MP: 10/10
  2513 | D:2      | Found Cyt Rascha's Antique Armour Boutique.
  2622 | D:2      | Found Xacseqat's Assorted Antiques.
  2734 | D:3      | Noticed Grinder
  2743 | D:3      | Paralysed by Grinder for 4 turns
  2765 | D:3      | Paralysed by Grinder for 2 turns
  2784 | D:3      | Killed Grinder
  2785 | D:3      | Reached skill level 6 in Summonings
  2785 | D:3      | Reached XP level 7. HP: 10/46 MP: 0/12
  3543 | D:3      | Found a large runed translucent door.
  3543 | D:3      | Found a large runed translucent door.
  3544 | D:3      | Noticed BabyfaceFinlayson's ghost (amateur OgFE)
  3628 | D:3      | Noticed Terence
  3639 | D:3      | Killed Terence
  3640 | D:3      | Reached skill level 7 in Summonings
  4140 | D:3      | Found a burning altar of Makhleb.
  4244 | D:3      | Noticed Robin
  4253 | D:3      | Killed Robin
  4582 | D:3      | Learned a level 4 spell: Summon Lightning Spire
  4583 | D:4      | Found Zin's Purification Station.
  4583 | D:4      | Found a glowing silver altar of Zin.
  4692 | D:4      | Noticed a water moccasin
  4697 | D:4      | HP: 1/46 [water moccasin (5)]
  4704 | D:4      | HP: 3/69 [poisoned by a water moccasin]
  4706 | D:4      | Succumbed to a water moccasin's poison

Illustrated notes

Levels and vault maps discovered:
D:1:      dpeg_arrival_leaves_temple_mockup, layout_loops_ring,
          hellmonk_ecumenical_altar_inner_sanctum, minmay_misc_feat_alley
D:2:      layout_basic, serial_shops, shop,
          nicolae_shop_temple_entry_statues_fountains, shop, shop_fountains,
          nicolae_shop_bloodbath_and_beyond, basic_altar, uniq_sigmund
D:3:      layout_basic, lemuel_round_altar, ebering_ghost_disaster_area,
          uniq_grinder, uniq_terence, uniq_robin
D:4:      layout_loops_ring, okawaru_altar_gauntlet_db, zin_purify,
          serial_glass, glass_columns_a, glass_columns_c,
          hangedman_abyss_or_decor_stagger

Skill      XL: |  1  2  3  4  5  6  7 |
---------------+----------------------+-----
Spellcasting   | 3 4 |  4.3
Summonings     | 5 6 7 |  7.2
Dodging        | |  2.3
Stealth        | |  2.4

Action                   |  1- 3 |  4- 6 |  7- 9 || total
-------------------------+-------+-------+-------++-------
Melee: Unarmed           |    62 |       |       ||    62
       Halberd           |       |    15 |    53 ||    68
 Cast: Summon Small Mamm |    38 |     6 |    13 ||    57
       Call Canine Famil |     5 |     7 |    13 ||    25
       Call Imp          |     2 |     1 |     5 ||     8
       Summon Lightning  |       |       |     1 ||     1
  Use: Potion            |       |       |     7 ||     7
 Stab: Sleeping          |       |     1 |     3 ||     4
       Distracted        |       |       |     2 ||     2
Armor: Robe              |    23 |     1 |    10 ||    34
       Skin              |       |       |     4 ||     4
Dodge: Dodged            |    66 |     8 |    29 ||   103
